 Dungeon Crawl Stone Soup version 0.31-a0-765-g67fe2935dc (webtiles) character file.

Game seed: 9841489522981864363

1326 Shayle the Trooper (level 8, -3/83 (88) HPs)
             Began as an Ogre Shapeshifter on Sept 16, 2023.
             Succumbed to a killer bee's poison
             ... on level 6 of the Dungeon.
             The game lasted 00:14:54 (5449 turns).

Shayle the Trooper (Ogre Shapeshifter)              Turns: 5449, Time: 00:14:54

HP:   -3/83 (88)    AC:  4    Str: 18 (19) XL:     8   Next: 60%
MP:   8/8           EV:  9    Int: 10 (13) God:
Gold: 255           SH:  0    Dex:  5 (8)  Spells: 7/7 levels left

rFire   + . .        m - +2 rapier (protect)
rCold   . . .        (no shield)
rNeg    . . .        l - +1 robe {rF+}
rPois   .            (helmet currently unavailable)
rElec   .            (cloak currently unavailable)
rCorr   .            (gloves unavailable)
SInv    .            (boots unavailable)
Will    .....        (no amulet)
Stlth   +            (no ring)
HPRegen 0.33/turn    (no ring)
MPRegen 0.11/turn

%: no passive effects
@: lethally poisoned (-3 -> -20), beast-form, weak-willed, drained
A: beast (slay +3), large, unfitting armour, tough skin 1
a: Begin Untransformation


You were on level 6 of the Dungeon.
You were a hulking beast.
You visited 1 branch of the dungeon, and saw 6 of its levels.

You collected 255 gold pieces.

Inventory:

Hand Weapons
 m - a +2 rapier of protection (weapon)
 w - a +2 dagger of speed
Missiles
 s - a throwing net
Armour
 a - a +0 animal skin
 f - a +0 hat
 l - a +1 robe of fire resistance (worn)
 o - an orb of guile
Jewellery
 q - a ring of flight
 v - a ring of wizardry
Talismans
 c - a beast talisman (active)
 d - a flux talisman
 y - a storm talisman
Wands
 b - a wand of iceblast (6)
Scrolls
 i - a scroll of revelation
 j - a scroll of amnesia
 r - a scroll of vulnerability
 x - a scroll of immolation
Potions
 n - a potion of resistance
 p - 3 potions of attraction
 t - a potion of ambrosia


   Skills:
 + Level 7.8 Fighting
 - Level 1.7 Dodging
 + Level 6.0 Unarmed Combat
 + Level 6.1 Shapeshifting


You had 7 spell levels left.
You didn't know any spells.
Your spell library contained the following spells:

 Spells                   Type           Power      Damage    Failure   Level
 Lesser Beckoning         Tloc           0%         N/A       50%         2
 Dazzling Flash           Conj/Hex       0%         N/A       75%         3
 Gell's Gravitas          Tloc           0%         N/A       75%         3
 Hailstorm                Conj/Ice       0%         3d3       75%         3
 Ozocubu's Armour         Ice            0%         N/A       75%         3
 Teleport Other           Tloc           0%         N/A       75%         3
 Summon Ice Beast         Ice/Summ       0%         N/A       98%         4
 Agony                    Necr           0%         N/A       100%        5
 Silence                  Hex/Air        0%         N/A       100%        5
 Simulacrum               Ice/Necr       0%         N/A       100%        6
 Ozocubu's Refrigeration  Ice            0%         4d7       100%        7


Dungeon Overview and Level Annotations

Branches:
Dungeon (6/15)
 Temple: D:4-7

Altars:
Elyvilon
Zin

Shops:
D:2 :


Innate Abilities, Weirdness & Mutations

You are a hulking beast.
Your limbs bulge with bestial killing power. (Slay +3)
You are too large for most types of armour.
You have tough skin. (AC +1)


Message History

The killer bee poisons you!
You puncture the wight!
Your weapon exudes an aura of protection.
The wight is heavily damaged.
You feel sick. The killer bee completely misses you. The killer bee stings you.
Unknown command.
You feel sick. The wight hits you with a +3 falchion.
The wight hits you with a +5 battleaxe!
You feel drained.
The killer bee stings you but does no damage.
A killer bee comes into view.
You feel sick.
The killer bee buzzes angrily.
A killer bee comes into view.
The wight attacks as it pursues you! The wight hits you with a +1 war axe!
* * * LOW HITPOINT WARNING * * *
The killer bee closely misses you.
The killer bee moves out of view.
Okay, then.
Okay, then.
Okay, then.
You feel sick. The wight attacks as it pursues you!
The wight hits you with a +3 falchion!
* * * LOW HITPOINT WARNING * * *
The killer bee stings you.
* * * LOW HITPOINT WARNING * * *
You are lethally poisoned!
The killer bee poisons you!
A killer bee comes into view.
Unknown command.
* * * LOW HITPOINT WARNING * * *
You feel sick.
The killer bee buzzes angrily.
The killer bee stings you but does no damage.
The killer bee attacks as it pursues you!
The killer bee stings you.
* * * LOW HITPOINT WARNING * * *
You are more poisoned.
The killer bee poisons you! The killer bee closely misses you.
The killer bee barely misses you.
You closely miss the killer bee.
You die...

#. #.# #.#. #. #.
#.#####.####.##
#.##..##............##
.....................
# ....#####.†.########
##.# .y........######
#
.....#.##...........#
#
#......y#.####.####.#
# # #h#.# #.####.####
#. #.yz####..........
#.#####z§§............
.§§#z§§#########.####
#§#§#§# #.# # #§§§#§#
#.# # #####.# #.# #
#.#########.# #
#.......z...# #


You could see 3 killer bees and 2 wights.

Vanquished Creatures
  Sigmund (D:2)
  Eustachio (D:5)
  Duvessa (D:5)
  An ice beast (D:6)
  A black bear (D:6)
  A phantom (D:6)
  A bullfrog (D:5)
  A scorpion (D:6)
  Dowan (D:5)
  3 hounds
  A jelly (D:4)
  2 orc priests
  Ijyb (D:4)
  A sleepcap (D:5)
  An iguana (D:5)
  2 orc wizards (D:5)
  3 gnolls (D:4)
  6 adders
  A white imp (D:6)
  An ufetubus (D:5)
  2 worms
  5 dart slugs
  14 orcs
  7 ball pythons
  3 bats
  4 endoplasms
  4 giant cockroaches
  4 goblins
  6 hobgoblins
  7 jackals
  A quokka (D:4)
  8 kobolds
  3 rats
99 creatures vanquished.

Notes
Turn   | Place    | Note
-------+----------+-------------------------------------------
     0 | D:1      | Shayle the Ogre Shapeshifter began the quest for the Orb.
     0 | D:1      | Reached XP level 1. HP: 19/19 MP: 1/1
   240 | D:1      | Reached XP level 2. HP: 25/28 MP: 2/2
   288 | D:1      | Reached skill level 2 in Fighting
   606 | D:1      | Reached XP level 3. HP: 36/36 MP: 3/3
  1032 | D:2      | Found Idaxzuin's Vocational Training.
  1208 | D:2      | Noticed Sigmund
  1219 | D:2      | Killed Sigmund
  1220 | D:2      | Reached skill level 4 in Fighting
  1220 | D:2      | Reached XP level 4. HP: 44/48 MP: 4/4
  1220 | D:2      | Reached XP level 5. HP: 50/54 MP: 5/5
  1600 | D:3      | Found a white marble altar of Elyvilon.
  2367 | D:4      | Reached XP level 6. HP: 57/63 MP: 6/6
  2712 | D:4      | Noticed Ijyb
  2728 | D:4      | Killed Ijyb
  3032 | D:4      | Reached skill level 5 in Fighting
  3061 | D:5      | Entered Level 5 of the Dungeon
  3294 | D:5      | Noticed Duvessa
  3294 | D:5      | Noticed Dowan
  3298 | D:5      | Noticed Eustachio
  3305 | D:5      | Killed Duvessa
  3306 | D:5      | Reached XP level 7. HP: 72/72 MP: 7/7
  3310 | D:5      | Killed Dowan
  3342 | D:5      | Killed Eustachio
  3343 | D:5      | Reached skill level 6 in Fighting
  3343 | D:5      | Reached skill level 5 in Shapeshifting
  3433 | D:5      | Reached skill level 5 in Unarmed Combat
  3767 | D:4      | Found a glowing silver altar of Zin.
  3979 | D:4      | Reached XP level 8. HP: 77/84 MP: 8/8
  4567 | D:5      | Reached skill level 7 in Fighting
  5448 | D:6      | HP: 2/83 [killer bee (3)]
  5449 | D:6      | Succumbed to a killer bee's poison

Illustrated notes

Levels and vault maps discovered:
D:1:      ncdulo_wetmaze, layout_loops_corners, serial_rivers,
          chequers_serial_rivers_room_a, chequers_serial_rivers_small_b,
          chequers_serial_rivers_micro_d, chequers_serial_rivers_small_a,
          chequers_serial_rivers_micro_c, chequers_serial_rivers_marsh
D:2:      layout_rooms, dreamdust_mushroom_princess, nicolae_shop_vocational,
          uniq_sigmund
D:3:      layout_basic, amcnicky_altar_gilded, eino_tiny_chamber
D:4:      layout_basic, zin_scriptorium, uniq_ijyb
D:5:      layout_cave_pods, kennysheep_small_spiral, minmay_circle_x,
          uniq_eustachio, uniq_duvessa
D:6:      layout_loops_ring, minmay_temple_entry_crystal_x

Skill      XL: |  1  2  3  4  5  6  7  8 |
---------------+-------------------------+-----
Fighting       | 2 4 5 6 7 |  7.8
Unarmed Combat | 3 4 5 6 |  6.0
Shapeshifting  | 4 5 6 |  6.1
Dodging        | |  1.7

Action                     |  1- 3 |  4- 6 |  7- 9 || total
---------------------------+-------+-------+-------++-------
  Melee: Unarmed           |    71 |   135 |    14 ||   220
         Punch             |       |     2 |     5 ||     7
         Rapier            |       |       |   182 ||   182
  Evoke: Wand              |       |       |     6 ||     6
    Use: Potion            |     1 |     4 |     4 ||     9
         Scroll            |       |     5 |     8 ||    13
 Armour: Animal skin       |    42 |       |       ||    42
         Skin              |     4 |    22 |       ||    26
         Robe              |       |   106 |   242 ||   348
  Dodge: Dodged            |    35 |    54 |   134 ||   223

Table legend: (Time is in decaauts)
 A = Elapsed time spent in this place.
 B = Non-inter-level travel time spent in this place.
 C = Inter-level travel time spent in this place.
 D = Time resting spent in this place.
 E = Time spent auto-exploring this place.
 F = Levels seen in this place.
 G = Mean time per level.
                   A        B        C        D        E       F      G
               +--------+--------+--------+--------+--------+-----+--------+
         Total |   5472 |   5254 |    218 |    490 |   3427 |   6 |  912.0 |
       Dungeon |   5472 |   5254 |    218 |    490 |   3427 |   6 |  912.0 |
               +--------+--------+--------+--------+--------+-----+--------+

Top non-repeatable levels by time:
     D:4: 1416 daAuts
     D:5: 978 daAuts
     D:1: 876 daAuts
     D:3: 864 daAuts
     D:2: 699 daAuts
     D:6: 637 daAuts
